 Dungeon Crawl Stone Soup version 0.17.1-3-g152610e (webtiles) character file.

386 Zhenya25pyc the Covered (level 6, -1/39 HPs)
             Began as a Gargoyle Fighter on Apr 25, 2016.
             Slain by a gnoll
             ... wielding a +0 halberd
              (8 damage)
             ... on level 5 of the Dungeon.
             The game lasted 00:08:08 (3520 turns).

Zhenya25pyc the Covered (Gargoyle Fighter)          Turns: 3520, Time: 00:08:10

Health: -1/39      AC: 22    Str: 20    XL:     6   Next: 78%
Magic:  6/6        EV:  4    Int: 11    God:
Gold:   236        SH:  9    Dex: 12    Spells: 0 memorised, 5 levels left

rFire  . . .     SeeInvis .     y - +0 morningstar
rCold  + . .     Clarity  .     g - +0 plate armour
rNeg   + . .     SustAt   .     c - +0 shield
rPois  ∞         Gourm    .     r - +1 helmet
rElec  +         Spirit   .     H - +0 cloak of Intercession {Int+2 Dex+2}
rCorr  +         Warding  .     D - +0 pair of gloves
rMut   .         Stasis   .     w - +0 pair of boots (curse)
MR     .....                    x - amulet of resist corrosion
Stlth  ..........               v - ring of protection from cold
                                I - ring of loudness (curse)

@: glowing, not resistant to hostile enchantments, extremely unstealthy
A: negative energy resistance 1, electricity resistance, unbreathing,
petrification resistance, rot immunity, AC +4
a: no special abilities


You were on level 5 of the Dungeon.
You were hungry.

You visited 1 branch of the dungeon, and saw 5 of its levels.

You collected 236 gold pieces.

Inventory:

Hand Weapons
 y - a +0 morningstar (weapon)
Armour
 b - a +0 scale mail
 c - a +0 shield (worn)
 g - a +0 plate armour (worn)
 r - a +1 helmet (worn)
 w - a cursed +0 pair of boots (worn)
 D - a +0 pair of gloves (worn)
 H - the +0 cloak of Intercession (worn) {Int+2 Dex+2}
   (You found it on level 5 of the Dungeon)

   It affects your intelligence (+2).
   It affects your dexterity (+2).
Jewellery
 h - an uncursed ring of protection from cold
 o - an uncursed ring of sustain attributes
 v - a ring of protection from cold (right hand)
 x - an amulet of resist corrosion (around neck)
 I - a cursed ring of loudness (left hand)
Scrolls
 f - 2 scrolls of magic mapping
 p - 2 scrolls of teleportation
 t - 2 scrolls of random uselessness
 C - 2 scrolls of enchant weapon
Potions
 d - a potion of might
 j - 3 potions of curing
 k - a potion of agility {unknown}
 m - a potion of poison {unknown}
 q - 2 potions of degeneration {unknown}
 s - a potion of resistance {unknown}
 u - a potion of mutation {unknown}
 A - 3 potions of brilliance {unknown}
 B - a potion of berserk rage {unknown}
 E - 2 potions of flight {unknown}
 G - 2 potions of lignification {unknown}
Comestibles
 a - 2 slices of pizza
 e - 6 bread rations
 l - a beef jerky
 n - 2 meat rations
 z - 4 fruits


   Skills:
 + Level 4.5 Fighting
 * Level 4.6 Maces & Flails
 + Level 4.8 Armour
 + Level 4.5 Shields


You had 5 spell levels left.
You didn't know any spells.

Dungeon Overview and Level Annotations

Branches:
Dungeon (5/15)
 Temple: D:4-7

Altars:
Ashenzari
Elyvilon
Fedhas
Trog
Yredelemnul


Innate Abilities, Weirdness & Mutations

You are resistant to torment.
Your stone body is resilient (AC +4).
You are immune to poison.
You resist negative energy.
You are resistant to electric shocks.
You can survive without breathing.
You are immune to petrification.
You are immune to rotting.


Message History

The gnoll hits you from afar with a spear.
* * * LOW HITPOINT WARNING * * *
The gnoll shaman barely misses you.
Your plate armour prevents you from hitting the gnoll shaman.
The gnoll shaman is moderately wounded.
The gnoll hits you but does no damage.
The gnoll shaman hits you but does no damage.
The gnoll completely misses you. You block the gnoll's attack.
You block the gnoll's attack. The gnoll hits you but does no damage.
You block the gnoll shaman's attack. The gnoll hits you but does no damage.
The gnoll hits you but does no damage.
The gnoll shaman hits you but does no damage.
The gnoll hits you but does no damage. x2
You closely miss the gnoll shaman.
The gnoll shaman is moderately wounded.
The gnoll is no longer moving quickly.
The gnoll hits you but does no damage.
The gnoll shaman calls upon its god to heal the gnoll shaman.
The gnoll shaman's wounds heal themselves!
The gnoll hits you from afar with a halberd!
You die...

≈#...############################
≈###g# ≈≈.#.# ≈≈.# ≈≈.# ≈≈.# ≈≈.#
≈≈.# #'############## ≈≈.#
#....gg@gg...'.. ≈≈.#..
#....ggg#g...#.. ≈###'#
#.......#....#
≈#...#############''''#########
≈#...#.........................
≈#####≈≈≈≈≈≈≈≈≈≈≈≈....≈≈≈≈≈≈≈≈≈
≈≈≈≈≈≈≈≈≈≈≈≈≈≈≈≈≈≈....≈≈≈≈≈≈≈≈≈
≈≈≈≈≈≈≈≈≈≈≈≈≈≈≈≈≈≈....≈≈≈≈≈≈≈≈≈
...............................


You could see 2 gnoll shamans and 6 gnolls.

Vanquished Creatures
  A scorpion (D:4)
  A giant frog skeleton (D:5)
  Terence (D:2)
  2 iguanas
  11 adders
  3 gnolls (D:5)
  2 worms
  4 giant geckos
  3 orcs
  A ball python (D:4)
  9 bats
  3 giant cockroaches
  10 hobgoblins
  26 jackals
  A quokka (D:5)
  3 giant newts
  7 goblins
  8 kobolds
  4 rats
100 creatures vanquished.

Notes
Turn   | Place    | Note
--------------------------------------------------------------
     0 | D:1      | Zhenya25pyc the Gargoyle Fighter began the quest for the Orb.
     0 | D:1      | Reached XP level 1. HP: 14/14 MP: 1/1
     0 | D:1      | Noticed an ogre
     0 | D:1      | Noticed a minotaur
     2 | D:1      | Noticed a formicid
     4 | D:1      | Noticed a minotaur
     5 | D:1      | Noticed an ogre
     6 | D:1      | Noticed a minotaur
     8 | D:1      | Noticed an ogre
    10 | D:1      | Noticed a gargoyle
    12 | D:1      | Noticed a felid
    12 | D:1      | Noticed a gargoyle
    14 | D:1      | Noticed a minotaur
    14 | D:1      | Noticed a felid
    16 | D:1      | Noticed a draconian
    16 | D:1      | Noticed a centaur
    16 | D:1      | Noticed a vine stalker
    18 | D:1      | Noticed a centaur
   252 | D:1      | Reached XP level 2. HP: 14/19 MP: 2/2
   545 | D:2      | Noticed Terence
   564 | D:2      | Killed Terence
   564 | D:2      | Reached XP level 3. HP: 16/23 MP: 3/3
   576 | D:2      | Reached XP level 4. HP: 16/29 MP: 4/4
   879 | D:2      | Found a shattered altar of Ashenzari.
   921 | D:2      | Reached skill level 4 in Armour
  1340 | D:3      | Reached XP level 5. HP: 33/33 MP: 5/5
  2136 | D:3      | Found a blossoming altar of Fedhas.
  2272 | D:4      | Reached XP level 6. HP: 37/39 MP: 6/6
  2382 | D:4      | Found a bloodstained altar of Trog.
  2673 | D:4      | Found a white marble altar of Elyvilon.
  2826 | D:4      | Found a basalt altar of Yredelemnul.
  2961 | D:5      | Entered Level 5 of the Dungeon
  2963 | D:5      | Got a dazzling cloak
  2981 | D:5      | Identified the +0 cloak of Intercession {Int+2 Dex+2} (You found it on level 5 of the Dungeon)
  3520 | D:5      | Slain by a gnoll

Action                   |  1- 3 |  4- 6 || total
-------------------------+-------+-------++-------
Melee: Flail             |   115 |   208 ||   323
       Morningstar       |       |   199 ||   199
  Use: Scroll            |       |     8 ||     8
  Eat: Chunk             |       |     9 ||     9
